 Dungeon Crawl Stone Soup version 0.21.0 (webtiles) character file.

157 MovingMist the Distorting Demonspawn (level 5, -8/42 HPs)
             Began as a Demonspawn Abyssal Knight on Jan 7, 2018.
             Was a Believer of Lugonu.
             Killed by nerve-wracking pain
             ... invoked by an orc priest
              (9 damage)
             ... on level 3 of the Dungeon.
             The game lasted 00:05:23 (1796 turns).

MovingMist the Distorting Demonspawn (DsAK)         Turns: 1796, Time: 00:05:24

Health: -8/42      AC: 13    Str: 13    XL:     5   Next: 15%
Magic:  8/8        EV:  9    Int: 14    God:    Lugonu [**....]
Gold:   156        SH:  6    Dex: 12    Spells: 4/4 levels left

rFire    . . .     SeeInvis .   f - +1 mace (protect)
rCold    . . .     Gourm    .   (no shield)
rNeg     . . .     Faith    .   l - +0 scale mail
rPois    .         Spirit   .   (no helmet)
rElec    .         Reflect  +   (no cloak)
rCorr    .         Harm     .   (no gloves)
MR       .....                  (no boots)
Stlth    ..........             o - +2 amulet of reflection
HPRegen  0.14/turn              (no ring)
MPRegen  0.11/turn              (no ring)

@: protection aura
A: large bone plates 1, demonic guardian 1
a: Depart the Abyss, Bend Space, Renounce Religion


You were on level 3 of the Dungeon.
You worshipped Lugonu.
Lugonu was pleased with you.
You were not hungry.

You visited 1 branch of the dungeon, and saw 3 of its levels.
You visited the Abyss 1 time.

You collected 156 gold pieces.

Inventory:

Hand Weapons
 a - a +1 hand axe
 f - a +1 mace of protection (weapon)
Armour
 l - a +0 scale mail (worn)
Jewellery
 o - a +2 amulet of reflection (around neck)
Scrolls
 d - a scroll of amnesia {unknown}
 e - 8 scrolls of identify {unknown}
 g - 2 scrolls of random uselessness {unknown}
 j - 2 scrolls of remove curse {unknown}
 m - 2 scrolls of teleportation {unknown}
Potions
 b - a potion of curing {unknown}
 h - 2 potions of brilliance {unknown}
 i - 3 potions of heal wounds {unknown}
 k - a potion of lignification {unknown}
 p - a potion of invisibility {unknown}
Comestibles
 c - 6 rations
 n - a chunk of flesh


   Skills:
 + Level 3.6 Fighting
 - Level 1.7(2.1) Axes
 + Level 1.7(2.1) Maces & Flails
 - Level 1.7 Armour
 + Level 2.1 Dodging
 * Level 4.8 Invocations


You had 4 spell levels left.
You didn't know any spells.

Dungeon Overview and Level Annotations

Branches:
Dungeon (3/15)

Altars:
Fedhas
Wu Jian


Innate Abilities, Weirdness & Mutations

You are partially covered in large bone plates. (SH +4)
A weak demonic guardian rushes to your aid.


Message History

Reactivating autopickup.
You have reached level 5!
You feel a bit more experienced.
The orc priest mumbles some strange prayers to Beogh against you.
Beogh smites you!
* * * LOW HITPOINT WARNING * * *
The hobgoblin hits you but does no damage.
You hit the hobgoblin.
The hobgoblin is moderately wounded.
The hobgoblin hits you but does no damage.
Unknown command.
You hit the hobgoblin.
The hobgoblin is almost dead.
The hobgoblin hits you but does no damage.
You sock the hobgoblin!
You kill the hobgoblin!
Lugonu accepts your kill.
The orc priest mumbles some strange prayers to Beogh against you.
Pain shoots through your body!
You die...

.....# #####...####
#.....# #....[.#
.....# #......#
.....# #......#
o....## #####..)...#
o...... ............
####?5..oo#
#.####...... #..5#
#)#####.# #..###.
#...# #@#...#.# #..#
. #...# #5#.#.#.#
#..###+ #...#
#...#.#.# ##...+_
####..5#####.###.#.#
#.####
....................#
#.# ##
##.##########.###.###
#.#### # #.......##.#
#..... #.......##.#
###### #.......##.#


You could see an orc priest, an orc and a friendly shadow imp.

Vanquished Creatures
  2 orc wizards (D:3)
  A gnoll (D:3)
  A worm (D:3)
  2 dart slugs
  2 leopard geckos
  3 orcs (D:3)
  3 giant cockroaches
  3 goblins
  9 hobgoblins
  7 jackals
  3 kobolds
  2 ball pythons
  7 bats
  9 rats
54 creatures vanquished.

Vanquished Creatures (collateral kills)
  3 gnolls (D:3)
  2 orcs (D:3)
  A quokka (D:3)
  2 goblins (D:3)
8 creatures vanquished.

Grand Total: 62 creatures vanquished

Notes
Turn   | Place    | Note
-------+----------+-------------------------------------------
     0 | Abyss:1  | MovingMist the Demonspawn Abyssal Knight began the quest for the Orb.
     0 | Abyss:1  | Reached XP level 1. HP: 18/18 MP: 2/2
    88 | Abyss:1  | Noticed a large abomination
    89 | D:1      | Escaped the Abyss
   287 | D:1      | Reached skill level 1 in Dodging
   328 | D:1      | Gained mutation: A weak demonic guardian rushes to your aid. [demonic ancestry]
   328 | D:1      | Reached XP level 2. HP: 24/24 MP: 4/4
   338 | D:1      | Reached skill level 3 in Invocations
   468 | D:1      | Reached * piety under Lugonu
   768 | D:2      | Reached XP level 3. HP: 29/29 MP: 5/5
   856 | D:2      | Found a blossoming altar of Fedhas.
  1267 | D:3      | Reached skill level 1 in Maces & Flails
  1293 | D:3      | Reached skill level 4 in Invocations
  1293 | D:3      | Gained mutation: You are partially covered in large bone plates. (SH +4) [demonic ancestry]
  1293 | D:3      | Reached XP level 4. HP: 24/35 MP: 5/7
  1404 | D:3      | Found an ornate altar of the Wu Jian Council.
  1470 | D:3      | Reached ** piety under Lugonu
  1793 | D:3      | Reached XP level 5. HP: 11/42 MP: 8/8
  1793 | D:3      | HP: 1/42 [orc priest/divine providence (11)]
  1796 | D:3      | Killed from afar by an orc priest

Skill      XL: |  1  2  3  4 |
---------------+-------------+-----
Dodging        | 1 2 |  2.1
Invocations    | 3 4 |  4.8
Maces & Flails | 1 |  1.7
Fighting       | |  3.6
Axes           | |  1.7
Armour         | |  1.7

Action                   |  1- 3 |  4- 6 || total
-------------------------+-------+-------++-------
Melee: Mace              |   114 |    65 ||   179
Invok: Depart the Abyss  |     1 |       ||     1
 Stab: Sleeping          |     1 |       ||     1
  Eat: Chunk             |     1 |     2 ||     3
Armor: Leather armour    |    31 |       ||    31
       Scale mail        |    64 |    34 ||    98
Dodge: Dodged            |    85 |    22 ||   107
Block: Other             |     7 |    19 ||    26
